 Dungeon Crawl Stone Soup version 0.25.0-26-g0c896c7088 (webtiles) character file.

Game seed: 5899663203580518901

935 protoss039 the Covert (level 7, -1/30 HPs)
             Began as a Vampire Assassin on July 2, 2020.
             Slain by a bullfrog zombie (5 damage)
             ... on level 6 of the Dungeon.
             The game lasted 00:35:37 (7653 turns).

protoss039 the Covert (Vampire Assassin)            Turns: 7653, Time: 00:35:37

Health: -1/30      AC:  7    Str:  2 (10) XL:     7   Next: 87%
Magic:  11/11      EV: 12    Int: 11 (15) God:
Gold:   460        SH:  0    Dex:  9 (16) Spells: 9/12 levels left

rFire    . . .     SeeInvis +   a - +2 dagger
rCold    + + .     Gourm    .   (no shield)
rNeg     + + +     Faith    .   b - +0 robe
rPois    ∞         Spirit   .   v - +0 helmet (curse)
rElec    .         Reflect  .   c - +0 cloak
rCorr    .         Harm     .   p - +2 pair of gloves
MR       .....                  (no boots)
Stlth    ++++++....             (no amulet)
HPRegen  0.00/turn              (no ring)
MPRegen  0.12/turn              (no ring)

@: bloodless
A: no food, fangs 3, see invisible, [frail 2], unbreathing
a: Bat Form, Revivify


You were on level 6 of the Dungeon.
You were bloodless.

You visited 2 branches of the dungeon, and saw 7 of its levels.

You collected 460 gold pieces.

Inventory:

Hand Weapons
 a - a +2 dagger (weapon)
Missiles
 d - 28 poisoned darts (quivered)
 e - 2 curare-tipped darts
Armour
 b - a +0 robe (worn)
 c - a +0 cloak (worn)
 p - a +2 pair of gloves (worn)
 v - a cursed +0 helmet (worn)
Wands
 i - a wand of random effects (29)
 w - a wand of flame (12)
Scrolls
 f - a scroll of amnesia
 g - 4 scrolls of immolation {unknown}
 j - 3 scrolls of enchant armour {unknown}
 l - 2 scrolls of teleportation {unknown}
 m - a scroll of magic mapping
 n - a scroll of enchant weapon {unknown}
 o - a scroll of fear {unknown}
 r - a scroll of fog {unknown}
 t - 3 scrolls of remove curse {unknown}
 y - a scroll of brand weapon {unknown}
 z - a scroll of acquirement {unknown}
Potions
 h - 4 potions of brilliance
 k - 4 potions of lignification
 q - a potion of heal wounds
 s - a potion of ambrosia {unknown}
 u - a potion of stabbing {unknown}
 x - a potion of curing {unknown}


   Skills:
 + Level 2.5 Fighting
 + Level 3.5 Short Blades
 + Level 1.9 Throwing
 + Level 2.7 Dodging
 + Level 9.2 Stealth
 + Level 3.1 Spellcasting
 - Level 0.1 Transmutations
 * Level 4.5 Poison Magic


You had 9 spell levels left.
You knew the following spells:

 Your Spells              Type           Power        Failure   Level  Hunger
a - Sting                 Tmut/Pois      #...         10%         1    N/A
b - Poisonous Vapours     Pois/Air       #.....       16%         2    N/A

Your spell library contained the following spells:

 Spells                   Type           Power        Failure   Level  Hunger
 Ignite Poison            Fire/Tmut/Pois #.......     38%         3    N/A
 Mephitic Cloud           Conj/Pois/Air  #.......     38%         3    N/A
 Olgreb's Toxic Radiance  Pois           ##......     38%         4    N/A

Dungeon Overview and Level Annotations

Branches:
Dungeon (6/15)             Temple (1/1) D:5

Altars:
Ashenzari
Cheibriados
Elyvilon
Fedhas
Gozag
Hepliaklqana
Kikubaaqudgha
Makhleb
Nemelex Xobeh
Okawaru
Qazlal
Ru
Sif Muna
Trog
Uskayaw
Vehumet
Xom
Yredelemnul
Zin

Shops:
D:5 =   D:6 *

Annotations:
D:5 1 exclusion


Innate Abilities, Weirdness & Mutations

You do not eat.
You do not regenerate when monsters are visible.
You are frail without blood (-20% HP).
You can heal yourself when you bite living creatures.
You are immune to poison.
You have razor-sharp teeth.
You have supernaturally acute eyesight. (SInv)
You can survive without breathing.
[You are very frail. (-20% HP)]


Message History

You are too injured to fight recklessly!
Okay, then.
You hit the bullfrog zombie.
The bullfrog zombie is heavily damaged.
The bullfrog zombie completely misses you.
You hit the bullfrog zombie.
The bullfrog zombie is severely damaged.
The bullfrog zombie hits you.
You hit the bullfrog zombie.
The bullfrog zombie is severely damaged.
The bullfrog zombie hits you but does no damage.
You barely miss the bullfrog zombie.
The bullfrog zombie is severely damaged.
The bullfrog zombie hits you!
* * * LOW HITPOINT WARNING * * *
Unknown command.
The bullfrog zombie completely misses you.
The bullfrog zombie closely misses you. The bullfrog zombie hits you.
You die...

................#
.......#.#.#.#..#
................#
....%..#.#.#.#..#
................###
.......#.#.#.#)...#
.....(..........#.#
.......#.#.#.#.##Z#
#####.........)@.#
#........>....####
##.#######.....#
.#.# #.###.# .#.#
#.# #.# .#.# #.#
#.# .#.# #.# ###
.#.# #.# .#.# #.#


You could see a bullfrog zombie.

Vanquished Creatures
  A necrophage (D:6)
  An ogre (D:5)
  A centaur (D:5)
  A bullfrog (D:4)
  2 howler monkeys
  A crimson imp (D:3)
  3 hounds
  A jelly (D:5)
  An orc priest (D:6)
  2 orc wizards
  2 centaur skeletons (D:5)
  2 worker ants
  6 gnolls
  5 adders
  An ooze (D:4)
  6 worms
  3 leopard geckos
  6 orcs
  6 bats (D:3)
  8 giant cockroaches
  6 goblins
  4 hobgoblins
  5 jackals
  7 kobolds
  2 quokkas
  3 frilled lizards
  A jackal skeleton (D:4)
  A quokka skeleton (D:5)
  9 rats
97 creatures vanquished.

Vanquished Creatures (others)
  A bush (D:5)
1 creature vanquished.

Grand Total: 98 creatures vanquished

Notes
Turn   | Place    | Note
-------+----------+-------------------------------------------
     0 | D:1      | protoss039 the Vampire Assassin began the quest for the
                  | Orb.
     0 | D:1      | Reached XP level 1. HP: 16/16 MP: 1/1
    48 | D:1      | Reached skill level 6 in Stealth
   357 | D:1      | Reached XP level 2. HP: 22/22 MP: 2/2
   880 | D:2      | Reached skill level 7 in Stealth
  1138 | D:2      | Reached XP level 3. HP: 21/21 MP: 3/3
  1178 | D:2      | Learned a level 1 spell: Sting
  1355 | D:2      | Reached skill level 8 in Stealth
  1552 | D:2      | Reached XP level 4. HP: 18/26 MP: 1/4
  1888 | D:3      | HP: 1/26 [giant cockroach (2)]
  2335 | D:3      | Reached skill level 1 in Poison Magic
  2613 | D:3      | Reached XP level 5. HP: 22/22 MP: 6/6
  2935 | D:4      | Reached skill level 1 in Spellcasting
  3924 | D:4      | Reached XP level 6. HP: 17/22 MP: 6/8
  4463 | D:5      | Entered Level 5 of the Dungeon
  4893 | D:5      | Found a staircase to the Ecumenical Temple.
  4905 | Temple   | Entered the Ecumenical Temple
  5098 | D:5      | Learned a level 2 spell: Poisonous Vapours
  5153 | D:5      | Found Qiymigah's Jewellery Boutique.
  5428 | D:5      | Reached XP level 7. HP: 26/35 MP: 10/10
  6095 | D:6      | Found Tytz's General Store.
  6379 | D:6      | Noticed a troll
  6463 | D:5      | Reached skill level 9 in Stealth
  6609 | D:5      | HP: 1/35 [troll (4)]
  7436 | D:6      | Found a sacrificial altar of Ru.
  7653 | D:6      | Slain by a bullfrog zombie

Illustrated notes

Levels and vault maps discovered:
D:1:      onia_arrival_pentagram, layout_basic
D:2:      layout_loops_ring, first_ration
D:3:      layout_rooms, minmay_cut_off
D:4:      cheibrodos_greedy_goblins, layout_loops_corners,
          minmay_misc_feat_plants, chequers_garden
D:5:      layout_basic, minmay_temple_entry_fiery, kennysheep_doodads,
          minmay_shop_enchanted_jewellery, interstate_on_off,
          serial_park_tiny_2, chequers_serial_rivers_micro_a
D:6:      layout_basic, lemuel_coloured_pillars_altar, serial_glass,
          glass_columns_a, glass_columns_c, serial_shops, nicolae_shop_trees,
          minmay_misc_feat_columns
Temple:   hc_temple_tempest_star

Skill      XL: |  1  2  3  4  5  6  7 |
---------------+----------------------+-----
Stealth        | 6 7 8 9 |  9.2
Poison Magic   | 1 2 3 4 |  4.5
Spellcasting   | 1 2 3 |  3.1
Fighting       | 2 |  2.5
Short Blades   | 3 |  3.5
Dodging        | 2 |  2.7
Throwing       | |  1.9
Transmutations | |  0.1

Action                   |  1- 3 |  4- 6 |  7- 9 || total
-------------------------+-------+-------+-------++-------
Melee: Dagger            |    75 |   173 |    50 ||   298
       Bite              |     6 |    11 |     1 ||    18
       Unarmed           |       |     1 |       ||     1
Throw: Dart              |       |     7 |       ||     7
 Cast: Sting             |     3 |    43 |    49 ||    95
 Abil: Exsanguinate      |     1 |     3 |     1 ||     5
       Revivify          |       |     4 |     1 ||     5
       End Transformatio |       |     5 |       ||     5
       Bat Form          |       |     5 |       ||     5
  Use: Scroll            |       |     5 |       ||     5
 Stab: Sleeping          |    19 |    13 |     6 ||    38
       Distracted        |       |     1 |       ||     1
Armor: Robe              |     3 |    54 |    25 ||    82
Dodge: Dodged            |    28 |   109 |    58 ||   195
